 Dungeon Crawl Stone Soup version 0.27.1-34-g3ba077fa99 (webtiles) character file.

Game seed: 8923749569759717043

9 comborobin the Sneak (level 2, -1/23 HPs)
             Began as a Vampire Delver on Jan 8, 2022.
             Was an Initiate of Cheibriados.
             Slain by a ball python (2 damage)
             ... on level 2 of the Dungeon.
             The game lasted 00:01:14 (154 turns).

comborobin the Sneak (Vampire Delver)                Turns: 154, Time: 00:01:15

Health: -1/23      AC:  3    Str: 12    XL:     2   Next: 3%
Magic:  2/2        EV: 12    Int: 18    God:    Cheibriados [......]
Gold:   0          SH:  0    Dex: 16    Spells: 1/1 levels left

rFire    . . .     SeeInvis +   g - +8 whip "Epniorat" {vorpal, Fragile Int+5}
rCold    . . .     Faith    .   (no shield)
rNeg     . . .     Spirit   .   a - +0 leather armour
rPois    .         Reflect  .   (no helmet)
rElec    .         Harm     .   (no cloak)
rCorr    .         Rampage  .   (no gloves)
Will     .....                  (no boots)
Stlth    +++.......             (no amulet)
HPRegen  0.27/turn              (no ring)
MPRegen  0.08/turn              (no ring)

@: brilliant, healing quickly, very slow
A: alive, fangs 3, see invisible, vampiric 1
a: Exsanguinate, Renounce Religion, Bend Time


You were on level 2 of the Dungeon.
You worshipped Cheibriados.
Cheibriados was noncommittal.
You visited 1 branch of the dungeon, and saw 4 of its levels.

Inventory:

Hand Weapons
 g - the +8 whip "Epniorat" (weapon) {vorpal, Fragile Int+5}
   (You found it on level 5 of the Dungeon)

   It inflicts extra damage upon your enemies.
   Int:       It affects your intelligence (+5).
   Fragile:   It will be destroyed if unequipped.
Armour
 a - a +0 leather armour (worn)
Wands
 f - a wand of digging (3)
Scrolls
 b - a scroll of fog
 e - a scroll of enchant weapon {unknown}


   Skills:
 - Level 2.6 Fighting
 + Level 1.3 Maces & Flails
 - Level 2.1 Dodging
 - Level 7.2 Stealth
 - Level 2.1 Unarmed Combat


You had one spell level left.
You didn't know any spells.
Your spell library contained the following spells:

 Spells                   Type           Power      Damage    Failure   Level
 Blink                    Tloc           N/A        N/A       38%         2
 Manifold Assault         Tloc           0%         N/A       100%        5
 Storm Form               Tmut/Air       0%         N/A       100%        7


Dungeon Overview and Level Annotations

Branches:
Dungeon (5/15)
 Temple: D:4-7

Altars:
Cheibriados

Annotations:
D:2 Natasha
D:4 Eustachio


Innate Abilities, Weirdness & Mutations

Your natural rate of healing is accelerated.
You have razor-sharp teeth.
You have supernaturally acute eyesight. (SInv)
You are afflicted with vampirism.


Message History

You see here an adder corpse.
The ball python hisses angrily.
You hit Natasha.
Natasha is lightly wounded.
Natasha claws you!
It was a potion of brilliance.
You feel clever all of a sudden. The ball python bites you.
The ball python barely misses you. Natasha barely misses you.
You barely miss Natasha.
Natasha is lightly wounded.
The ball python bites you.
* * * LOW HITPOINT WARNING * * *
The ball python grabs you. The ball python constricts you.
Natasha barely misses you.
You aren't carrying any potions.
Unknown command.
Okay, then.
Okay, then.
Okay, then.
You hit Natasha.
Natasha is moderately wounded.
The ball python barely misses you. The ball python constricts you.
Natasha claws you.
* * * LOW HITPOINT WARNING * * *
Unknown command.
You closely miss the ball python. The ball python loses its grip on you.
Natasha claws you.
* * * LOW HITPOINT WARNING * * *
Unknown command.
You barely miss Natasha.
Natasha is moderately wounded.
A bat comes into view.
The adder bites you but does no damage. Natasha misses you.
The adder closely misses you.
Unknown command.
You whack the adder!
The adder is almost dead.
The ball python bites you.
You die...

.... .S.....##.
............. ...
......##.
#...........
##.#.....##
#=........#. #
#>...b... ...
##h...#...
.....###@S...##
.........S.......
.!....#####....#.
..... .##... ....
.# #.. ... .# ..
.. .


You could see Natasha, an adder, a bat and a ball python.

Vanquished Creatures
  An adder (D:2)
1 creature vanquished.

Notes
Turn   | Place    | Note
-------+----------+-------------------------------------------
     0 | D:5      | comborobin the Vampire Delver began the quest for the Orb.
     0 | D:5      | Reached XP level 1. HP: 17/17 MP: 1/1
     1 | D:5      | Noticed a necrophage
     2 | D:5      | Identified the +8 whip "Epniorat" {vorpal, Fragile Int+5}
    32 | D:5      | Found a snail-covered altar of Cheibriados.
    43 | D:5      | Became a worshipper of Cheibriados the Contemplative
    60 | D:5      | Noticed an ogre
    70 | D:4      | Noticed Eustachio
    73 | D:4      | Noticed a quasit
   141 | D:2      | Noticed Natasha
   147 | D:2      | Reached skill level 1 in Maces & Flails
   147 | D:2      | Reached XP level 2. HP: 23/23 MP: 2/2
   152 | D:2      | HP: 1/23 [Natasha (2)]
   154 | D:2      | Slain by a ball python

Illustrated notes

Levels and vault maps discovered:
D:2:      minmay_diamond_boxcup, layout_rooms, basic_altar, serial_shops,
          nicolae_lakefront_shop, st_stairs_11, uniq_natasha, uniq_jessica
D:3:      minmay_goblin_kobold_castle, layout_basic, evilmike_ruin_ashenzari
D:4:      layout_cave_pools, minmay_temple_entry_junction_2, uniq_eustachio
D:5:      layout_basic, nicolae_overflow_crystal_walls, serial_shops, shop,
          guppyfry_early_lair_pool, uniq_menkaure

Skill      XL: |  1 |
---------------+----+-----
Maces & Flails | 1 |  1.3
Fighting       | |  2.6
Dodging        | |  2.1
Stealth        | |  7.2
Unarmed Combat | |  2.1

Action                   || total
-------------------------++-------
Melee: Whip              ||     7
  Use: Potion            ||     3
       Scroll            ||     2
Armor: Leather armour    ||     8
Dodge: Dodged            ||    17
